 Dungeon Crawl Stone Soup version 0.28-a0-802-g09f76e8c00 (webtiles) character file.

Game seed: 3857076001278159896

79 kae the Caller (level 4, 0/25 HPs)
             Began as a Tengu Summoner on Nov 6, 2021.
             Succumbed to an orc's poison
             ... on level 2 of the Dungeon.
             The game lasted 00:01:34 (2565 turns).

kae the Caller (Tengu Summoner)                     Turns: 2565, Time: 00:01:34

Health: 0/25       AC:  2    Str:  9    XL:     4   Next: 37%
Magic:  8/8        EV: 13    Int: 16    God:
Gold:   15         SH:  0    Dex: 14    Spells: 2/8 levels left

rFire   . . .      SeeInvis .   n - +1 whip (flame)
rCold   . . .      Faith    .   (no shield)
rNeg    . . .      Spirit   .   a - +0 robe
rPois   .          Reflect  .   (helmet restricted)
rElec   .          Harm     .   (no cloak)
rCorr   .          Rampage  .   (no gloves)
Will    .....                   (boots unavailable)
Stlth   ++........              (no amulet)
HPRegen 0.08/turn               (no ring)
MPRegen 0.11/turn               (no ring)

@: lethally poisoned (0 -> -30)
A: beak, talons 3
a: no special abilities


You were on level 2 of the Dungeon.
You visited 1 branch of the dungeon, and saw 3 of its levels.

You collected 51 gold pieces.
You spent 36 gold pieces at shops.

Inventory:

Hand Weapons
 g - a +0 whip
 n - a +1 whip of flaming (weapon)
Armour
 a - a +0 robe (worn)
Jewellery
 i - a ring of ice
 j - a +6 ring of strength
 m - a +6 ring of intelligence
Scrolls
 b - a scroll of vulnerability {unknown}
 c - 3 scrolls of identify {unknown}
 d - a scroll of summoning {unknown}
 f - a scroll of amnesia {unknown}
 k - a scroll of teleportation {unknown}
Potions
 e - a potion of resistance {unknown}
 h - a potion of curing
 l - a potion of degeneration {unknown}


   Skills:
 + Level 1.4 Fighting
 + Level 2.9 Dodging
 - Level 2.0 Stealth
 + Level 2.5 Spellcasting
 * Level 5.7 Summonings


You had 2 spell levels left.
You knew the following spells:

 Your Spells              Type           Power      Damage    Failure   Level
a - Summon Small Mammal   Summ           80%        N/A       1%          1
b - Call Imp              Summ           20%        N/A       2%          2
c - Call Canine Familiar  Summ           20%        N/A       5%          3

Your spell library contained the following spells:

 Spells                   Type           Power      Damage    Failure   Level
 Summon Guardian Golem    Hex/Summ       11%        N/A       19%         3
 Summon Lightning Spire   Summ/Air       11%        N/A       52%         4


Dungeon Overview and Level Annotations

Branches:
Dungeon (3/15)

Altars:
Beogh

Shops:
D:2 [!(


Innate Abilities, Weirdness & Mutations

You have a beak for a mouth.
You have claws for feet.


Message History

The orc hits your hound with a +0 club.
Your hound bites the orc.
The orc dies!
Your crimson imp misses the orc.
The orc hits you with a +1 whip of flaming.
* * * LOW HITPOINT WARNING * * *
The orc burns you.
* * * LOW HITPOINT WARNING * * *
The orc closely misses your hound.
You climb upwards.
Your summoned ally is left behind.
Your magical contamination has completely faded away.
There is a stone staircase leading down here.
You barely miss the orc. You claw the orc.
You kill the orc!
Things that are here:
a +1 whip of flaming; an orc corpse
n - a +1 whip of flaming
There is a stone staircase leading down here.
Your +1 whip of flaming bursts into flame!
n - a +1 whip of flaming (weapon)
Magic restored.
HP restored.
Done exploring.
Done exploring.
Done exploring.
Done exploring.
You climb downwards.
The orc hits you with a +1 whip of venom.
You are poisoned.
The orc hits you with a +0 club.
An orc wizard comes into view. It is wielding a +0 dagger.
The orc hits you but does no damage.
You are more poisoned.
There is a stone staircase leading up, spattered with blood here.
You feel very sick. The orc closely misses you. The rat closely misses you.
The orc hits you with a +1 whip of venom!
You are more poisoned.
You climb upwards.
You die...

#.# #.# #########
#.# #.# ##.......#
#.# #.#
.........###.# #.#
.........'...# #.#
.........##### #.#
##.......### #.#
..÷........#######
#.#
..............or@#
#.#
......####.#####o#
#.# ......##÷#+#
#.# #.#
....####'#### #.#
#.# ...##.......##
#.# #.#
.###.........###.#
#.#
.##...........##.#
#.#
###....#≈#....####
#.#
#÷'....§_§....'_#
#.#


You could see 2 orcs and a rat.

Vanquished Creatures
  An adder (D:2)
  4 orcs (D:2)
  A bat (D:1)
  2 goblins
  A jackal (D:2)
  3 ball pythons
  A frilled lizard (D:1)
13 creatures vanquished.

Vanquished Creatures (collateral kills)
  A gnoll (D:1)
  An adder (D:2)
  8 orcs
  A bat (D:1)
  2 giant cockroaches
  2 goblins (D:2)
  3 hobgoblins
  A jackal (D:2)
  A quokka (D:2)
  2 kobolds
22 creatures vanquished.

Grand Total: 35 creatures vanquished

Notes
Turn   | Place    | Note
-------+----------+-------------------------------------------
     0 | D:1      | kae the Tengu Summoner began the quest for the Orb.
     0 | D:1      | Reached XP level 1. HP: 10/10 MP: 4/4
   406 | D:1      | Reached skill level 5 in Summonings
   500 | D:1      | Reached XP level 2. HP: 16/16 MP: 6/6
   848 | D:1      | Learned a level 2 spell: Call Imp
  1076 | D:2      | Reached XP level 3. HP: 7/20 MP: 2/7
  1082 | D:2      | Reached skill level 1 in Fighting
  1288 | D:2      | Found a faded altar of an unknown god.
  1308 | D:2      | Found Kule's Antique Weapon Boutique.
  1388 | D:2      | Found Molean's Armour Emporium.
  1438 | D:2      | Found Xioresena's Distillery.
  1456 | D:2      | Bought a potion of curing for 36 gold pieces
  1519 | D:2      | Reached XP level 4. HP: 15/25 MP: 6/8
  1659 | D:2      | Learned a level 3 spell: Call Canine Familiar
  2565 | D:2      | Succumbed to an orc's poison

Illustrated notes

Levels and vault maps discovered:
D:1:      scummos_arrival_gate, layout_basic
D:2:      layout_basic, hellmonk_ecumenical_altar_defaced_shrine, serial_shops,
          nicolae_square_shop, nicolae_shop_trees, nicolae_shop_crystal
D:3:      layout_rooms, nemelex_diamond_rough_becter,
          ebering_ghost_reflecting_pool, minmay_misc_feat_enclosed,
          minivault_11, uniq_natasha

Skill      XL: |  1  2  3 |
---------------+----------+-----
Summonings     | 5 |  5.7
Fighting       | 1 |  1.4
Dodging        | |  2.9
Stealth        | |  2.0
Spellcasting   | |  2.5

Action                   |  1- 3 |  4- 6 || total
-------------------------+-------+-------++-------
Melee: Unarmed           |    19 |       ||    19
       Peck              |     8 |     2 ||    10
       Kick              |     7 |     5 ||    12
       Whip              |    35 |    18 ||    53
 Cast: Summon Small Mamm |    18 |     2 ||    20
       Call Imp          |     4 |     2 ||     6
       Call Canine Famil |       |     2 ||     2
 Stab: Sleeping          |     1 |       ||     1
Armor: Robe              |    14 |     3 ||    17
Dodge: Dodged            |    63 |    10 ||    73

Table legend: (Time is in decaauts)
 A = Elapsed time spent in this place.
 B = Non-inter-level travel time spent in this place.
 C = Inter-level travel time spent in this place.
 D = Time resting spent in this place.
 E = Time spent auto-exploring this place.
 F = Levels seen in this place.
 G = Mean time per level.
                   A        B        C        D        E       F      G
               +--------+--------+--------+--------+--------+-----+--------+
         Total |   2569 |   2487 |     82 |      0 |   2215 |   3 |  856.3 |
       Dungeon |   2569 |   2487 |     82 |      0 |   2215 |   3 |  856.3 |
               +--------+--------+--------+--------+--------+-----+--------+

Top non-repeatable levels by time:
     D:2: 1512 daAuts
     D:1: 1044 daAuts
     D:3: 12 daAuts
